 Dungeon Crawl Stone Soup version 0.17-a0-1830-g81820eb (webtiles) character file.

22 4thArraOfDagon the Caller (level 2, -5/15 HPs)
             Began as a Tengu Summoner on Sept 13, 2015.
             Killed from afar by an orc wizard (7 damage)
             ... with a magic dart
             ... on level 3 of the Dungeon.
             The game lasted 00:03:39 (556 turns).

4thArraOfDagon the Caller (Tengu Summoner)           Turns: 556, Time: 00:03:39

Health: -5/15      AC:  2    Str:  8    XL:     2   Next: 91%
Magic:  0/6        EV: 12    Int: 20    God:
Gold:   63         SH:  0    Dex: 14    Spells: 1 memorised, 4 levels left

rFire  . . .     SeeInvis .     e - +1 whip
rCold  . . .     Clarity  .     a - +0 robe
rNeg   . . .     SustAt   +     (no shield)
rPois  .         Gourm    .     (helmet restricted)
rElec  .         Spirit   .     (no cloak)
rCorr  .         Warding  .     (no gloves)
rMut   .         Stasis   .     (boots unavailable)
MR     .....                    (no amulet)
Stlth  ++........               l - +2 ring of slaying
                                f - ring of sustain attributes

@: brilliant, not resistant to hostile enchantments, unstealthy
A: beak, talons 3
a: no special abilities


You were on level 3 of the Dungeon.
You were not hungry.

You visited 1 branch of the dungeon, and saw 3 of its levels.

You collected 63 gold pieces.

Inventory:

Hand weapons
 e - a +1 whip (weapon)
Missiles
 i - 8 curare-tipped needles
Armour
 a - a +0 robe (worn)
Jewellery
 f - a ring of sustain attributes (left hand)
 l - a +2 ring of slaying (right hand)
Scrolls
 h - 2 scrolls of immolation
 j - 3 scrolls of identify
Books
 b - a book of Callings

   Spells                             Type                      Level
   a - Summon Small Mammal            Summoning                    1
   b - Call Imp                       Summoning                    2
   c - Call Canine Familiar           Summoning                    3
   d - Summon Guardian Golem          Hexes/Summoning              3
   e - Summon Lightning Spire         Summoning/Air                4
   f - Summon Ice Beast               Ice/Summoning                4
Comestibles
 c - 2 bread rations
 n - a chunk of flesh


   Skills:
 - Level 2.1 Dodging
 - Level 2.0 Stealth
 + Level 2.3 Spellcasting
 * Level 5.5 Summonings


You had 4 spell levels left.
You knew the following spells:

 Your Spells              Type           Power        Failure   Level  Hunger
a - Summon Small Mammal   Summ           ####         1%          1    #......


Dungeon Overview and Level Annotations

Branches:
Dungeon (3/15)

Altars:
Gozag
Nemelex Xobeh


Innate Abilities, Weirdness & Mutations

You have a beak for a mouth.
You have claws for feet.


Message History

Your rat bites the orc wizard.
You aren't carrying any items that can be evoked.
You aren't carrying any potions.
Read which item? (? for menu, Esc to quit)
Okay, then.
The giant cockroach misses your rat.
Unknown command.
Unknown command.
Unknown command.
The giant cockroach barely misses your rat.
Unknown command.
The orc wizard points at you and mumbles some strange words.
The puff of frost hits you!
* * * LOW HITPOINT WARNING * * *
Unknown command.
Casting: Summon Small Mammal
Confirm with . or Enter, or press ? or * to list all spells.
The orc wizard points at you and mumbles some strange words.
The magic dart hits you!
You die...

######..............#
........#############
..#####.# #.# ##.#
#..# #.## #r# #@# #o#
#.# #r# #.# #s# #.#
#o# ###########.#


You could see an orc wizard, an orc (inner flame), a giant cockroach, a friendly
quokka and a friendly rat.

Vanquished Creatures
  A goblin (D:1)
  A hobgoblin (D:1)
  2 bats
  A giant newt (D:1)
5 creatures vanquished.

Vanquished Creatures (collateral kills)
  An adder (D:2)
  2 giant geckos
  An orc (D:3)
  A bat (D:2)
  5 hobgoblins
  4 kobolds
  A giant newt (D:3)
  A rat (D:1)
16 creatures vanquished.

Grand Total: 21 creatures vanquished

Notes
Turn   | Place    | Note
--------------------------------------------------------------
     0 | D:1      | 4thArraOfDagon the Tengu Summoner began the quest for the Orb.
     0 | D:1      | Reached XP level 1. HP: 10/10 MP: 4/4
   102 | D:1      | Reached skill level 5 in Summonings
   172 | D:1      | Reached XP level 2. HP: 10/15 MP: 3/6
   342 | D:2      | Found a sparkling altar of Nemelex Xobeh.
   343 | D:2      | Found an opulent altar of Gozag.
   556 | D:3      | Killed from afar by an orc wizard

Vault maps used:
D:1:      scummos_arrival_checkerplants, hangedman_abyss_or_decor_lesser_grid
D:2:      grunt_temple_overflow_opulence, nemelex_diamond_rough_becter
D:3:      grunt_temple_overflow_open, first_bread, uniq_jessica

Action                   || total
-------------------------++-------
Melee: Whip              ||    13
 Cast: Summon Small Mamm ||    33
  Use: Scroll            ||     5
       Potion            ||     2
